[Event "24th European Women Club Cup 2019"]
[Site "Ulcinj"]
[Date "2019.11.15"]
[Round "6.9"]
[White "Ushenina, Anna"]
[Black "Shuvalova, Polina"]
[Result "1/2-1/2"]
[ECO "D35"]
[WhiteElo "2439"]
[BlackElo "2434"]
[Annotator "NA"]
[PlyCount "66"]
[EventDate "2019.11.10"]
[EventType "team-tourn"]
[EventCountry "MNE"]
[SourceTitle "playchess.com"]
[Source "ChessBase"]
[SourceQuality "1"]
[WhiteTeam "Ugra"]
[BlackTeam "Novy Bor"]
[TimeControl "40/5400+30:1800+30"]

1. c4 e6 2. Nc3 d5 3. d4 Nf6 4. cxd5 Nxd5 5. e4 Nxc3 6. bxc3 c5 7. Nf3 cxd4 8. cxd4 Bb4+ 9. Bd2 Bxd2+ 10. Qxd2 O-O 11. Bc4 Nd7 12. O-O b6 13. Rad1 Bb7 14. Rfe1 Rc8 15. Bb3 Re8 16. h4 h6 17. Qf4 Qc7 18. Qxc7 Rxc7 19. d5 exd5 20. exd5 Rcc8 21. Rxe8+ Rxe8 22. Ba4 Rd8 23. Nd4 Nc5 24. Bc6 Bxc6 25. Nxc6 Rd7 26. f3 f6 27. Kf2 Kf7 28. Ke3 b5 29. Rd2 h5 30. Kd4 Ne6+ 31. Ke4 Nc5+ 32. Kd4 Ne6+ 33. Ke4 Nc5+ 1/2-1/2

[Event "24th European Women Club Cup 2019"]
[Site "Ulcinj"]
[Date "2019.11.15"]
[Round "6.10"]
[White "Bulmaga, Irina"]
[Black "Pogonina, Natalija"]
[Result "1/2-1/2"]
[ECO "C92"]
[WhiteElo "2435"]
[BlackElo "2479"]
[Annotator "ChessBase"]
[PlyCount "130"]
[EventDate "2019.11.10"]
[EventType "team-tourn"]
[EventCountry "MNE"]
[SourceTitle "playchess.com"]
[Source "ChessBase"]
[SourceQuality "1"]
[WhiteTeam "Novy Bor"]
[BlackTeam "Ugra"]
[TimeControl "40/5400+30:1800+30"]

1. e4 e5 2. Nf3 Nc6 3. Bb5 a6 4. Ba4 Nf6 5. O-O Be7 6. Re1 b5 7. Bb3 d6 8. c3 O-O 9. h3 Re8 10. d4 Bb7 11. a4 h6 12. Nbd2 Bf8 13. d5 Nb8 14. axb5 axb5 15. Rxa8 Bxa8 16. Nf1 Nbd7 17. Ng3 Nc5 18. Bc2 c6 19. b4 Ncd7 20. dxc6 Bxc6 21. Bb3 Qc7 22. Nh2 Nb6 23. Ng4 Nxg4 24. hxg4 Bd7 25. Be3 Nc4 26. Nh5 Be7 27. Ng3 Be6 28. Nf5 Bf8 29. g5 hxg5 30. Bxg5 d5 31. Ne3 dxe4 32. Nxc4 Bxc4 33. Rxe4 Bxb3 34. Qxb3 Qd6 35. Bf4 Ra8 36. Rxe5 Qf6 37. g3 Bd6 38. Re4 Bxf4 39. Rxf4 Ra1+ 40. Kg2 Qc6+ 41. f3 Qg6 42. Qd5 Qc2+ 43. Kh3 Rh1+ 44. Kg4 Qg6+ 45. Qg5 Qxg5+ 46. Kxg5 Rc1 47. Rf5 Rxc3 48. Rxb5 Rxf3 49. Kg4 Rb3 50. Kf4 Kh7 51. g4 Kg6 52. Rb6+ f6 53. Rb7 Kh6 54. Rb5 Kg6 55. Rb7 Kh6 56. Rb6 Kg6 57. g5 Rb1 58. gxf6 gxf6 59. b5 Rb4+ 60. Ke3 Kf5 61. Kd3 Ke5 62. Kc3 Rb1 63. Kc4 Rc1+ 64. Kb4 Rb1+ 65. Kc4 Rc1+ 1/2-1/2

[Event "24th European Women Club Cup 2019"]
[Site "Ulcinj"]
[Date "2019.11.15"]
[Round "6.11"]
[White "Girya, Olga"]
[Black "Hoang, Thanh Trang"]
[Result "1/2-1/2"]
[ECO "A88"]
[WhiteElo "2476"]
[BlackElo "2414"]
[Annotator "ChessBase"]
[PlyCount "107"]
[EventDate "2019.11.10"]
[EventType "team-tourn"]
[EventCountry "MNE"]
[SourceTitle "playchess.com"]
[Source "ChessBase"]
[SourceQuality "1"]
[WhiteTeam "Ugra"]
[BlackTeam "Novy Bor"]
[TimeControl "40/5400+30:1800+30"]

1. d4 f5 2. c4 Nf6 3. Nf3 g6 4. g3 Bg7 5. Bg2 O-O 6. O-O d6 7. Nc3 c6 8. d5 e5 9. dxe6 Bxe6 10. b3 Na6 11. Ng5 Re8 12. Bb2 Qc7 13. Rc1 Qe7 14. Nxe6 Qxe6 15. Qc2 Rad8 16. Rcd1 Nc5 17. e3 Nfe4 18. Nxe4 Nxe4 19. Bxg7 Kxg7 20. Rd4 Ng5 21. Rfd1 Nf7 22. Qd2 Qe5 23. e4 fxe4 24. Rxe4 Qf6 25. Qe3 Rxe4 26. Qxe4 Qe5 27. f4 Qxe4 28. Bxe4 Re8 29. Bf3 Kf6 30. Kf2 a5 31. a3 g5 32. fxg5+ Kxg5 33. h4+ Kf6 34. b4 axb4 35. axb4 Ra8 36. Bh5 Ra4 37. Ke3 Ke7 38. Bxf7 Kxf7 39. Rxd6 Rxb4 40. Kd4 b5 41. Rxc6 Rxc4+ 42. Rxc4 bxc4 43. Kxc4 Ke6 44. Kd4 Kf5 45. Ke3 Kg4 46. Kf2 h5 47. Kg2 Kf5 48. Kf3 Ke5 49. Ke3 Kf5 50. Kf3 Ke5 51. Kg2 Kf5 52. Kh3 Ke5 53. g4 hxg4+ 54. Kxg4 1/2-1/2

[Event "24th European Women Club Cup 2019"]
[Site "Ulcinj"]
[Date "2019.11.15"]
[Round "6.12"]
[White "Rodshtein, Tereza"]
[Black "Guseva, Marina"]
[Result "0-1"]
[ECO "B19"]
[WhiteElo "2195"]
[BlackElo "2366"]
[Annotator "NA"]
[PlyCount "110"]
[EventDate "2019.11.10"]
[EventType "team-tourn"]
[EventCountry "MNE"]
[SourceTitle "playchess.com"]
[Source "ChessBase"]
[SourceQuality "1"]
[WhiteTeam "Novy Bor"]
[BlackTeam "Ugra"]
[TimeControl "40/5400+30:1800+30"]

1. e4 c6 2. d4 d5 3. Nd2 dxe4 4. Nxe4 Bf5 5. Ng3 Bg6 6. h4 h6 7. Nf3 Nd7 8. h5 Bh7 9. Bd3 Bxd3 10. Qxd3 e6 11. Bd2 Ngf6 12. O-O-O Be7 13. Kb1 Qb6 14. Ne5 Rd8 15. Qe2 c5 16. Nxd7 Rxd7 17. dxc5 Bxc5 18. Bc3 Bd4 19. Bxd4 Rxd4 20. Rxd4 Qxd4 21. Qb5+ Qd7 22. Qc5 b6 23. Qa3 Qe7 24. Qa4+ Qd7 25. Qa3 a5 26. Kc1 Qc6 27. Rd1 Nd5 28. Ne2 Nb4 29. Nd4 Qc7 30. Qa4+ Ke7 31. a3 Nd5 32. Nc6+ Kd6 33. Nd4 Ke7 34. Nf5+ Kf6 35. Ng3 Qf4+ 36. Qxf4+ Nxf4 37. Ne4+ Ke7 38. g4 f5 39. gxf5 exf5 40. Ng3 Kf6 41. Rd7 Re8 42. Kd2 Re6 43. b3 g6 44. hxg6 Kxg6 45. Rd8 Kg5 46. Rf8 Rf6 47. Rg8+ Ng6 48. Ke2 h5 49. c4 h4 50. Nf1 Re6+ 51. Kf3 Rd6 52. Re8 Rd1 53. Nh2 Rb1 54. Re3 Nf4 55. b4 axb4 0-1

[Event "24th European Women Club Cup 2019"]
[Site "Ulcinj"]
[Date "2019.11.15"]
[Round "6.13"]
[White "Khademalsharieh, Sarasadat"]
[Black "Gunina, Valentina"]
[Result "1-0"]
[ECO "E10"]
[WhiteElo "2491"]
[BlackElo "2509"]
[Annotator "ChessBase"]
[PlyCount "63"]
[EventDate "2019.11.10"]
[EventType "team-tourn"]
[EventCountry "MNE"]
[SourceTitle "playchess.com"]
[Source "ChessBase"]
[SourceQuality "1"]
[WhiteTeam "Pentole Agnelli"]
[BlackTeam "Maribor"]
[TimeControl "40/5400+30:1800+30"]

1. d4 Nf6 2. c4 e6 3. Nf3 c5 4. d5 b5 5. Bg5 exd5 6. cxd5 h6 7. Bxf6 Qxf6 8. Qc2 Be7 9. a4 bxa4 10. e4 Na6 11. Nc3 Nb4 12. Qxa4 O-O 13. Be2 d6 14. O-O Bg4 15. Qd1 a5 16. Nd2 Bd7 17. Nc4 Bd8 18. Bg4 Be8 19. Qe2 Ra6 20. Kh1 Bc7 21. f4 Qd8 22. Rad1 Bb8 23. e5 Ra7 24. f5 dxe5 25. f6 e4 26. Qxe4 Bd7 27. Bxd7 Rxd7 28. Qg4 g6 29. Qh4 Kh7 30. d6 h5 31. Rf5 Kh6 32. g4 1-0

[Event "24th European Women Club Cup 2019"]
[Site "Ulcinj"]
[Date "2019.11.15"]
[Round "6.14"]
[White "Caglar, Sila"]
[Black "Paehtz, Elisabeth"]
[Result "1-0"]
[ECO "B28"]
[WhiteElo "2242"]
[BlackElo "2484"]
[Annotator "ChessBase"]
[PlyCount "127"]
[EventDate "2019.11.10"]
[EventType "team-tourn"]
[EventCountry "MNE"]
[SourceTitle "playchess.com"]
[Source "ChessBase"]
[SourceQuality "1"]
[WhiteTeam "Maribor"]
[BlackTeam "Pentole Agnelli"]
[TimeControl "40/5400+30:1800+30"]

1. e4 c5 2. Nf3 a6 3. d4 cxd4 4. Nxd4 Nf6 5. Nc3 e5 6. Nb3 Bb4 7. Bd3 Nc6 8. O-O Bxc3 9. bxc3 O-O 10. c4 d6 11. Bb2 a5 12. Qe2 a4 13. Nd2 Nd7 14. Kh1 Nc5 15. a3 Qg5 16. Rae1 Bd7 17. Qe3 h6 18. f4 exf4 19. Rxf4 Ne6 20. Rf5 Qxe3 21. Rxe3 Ne7 22. Rg3 Rfc8 23. Rh5 Ng6 24. Rd5 Kf8 25. Rxd6 Ke7 26. Rb6 Bc6 27. Bc3 Ngf4 28. Rb1 g5 29. Bb4+ Kf6 30. Re3 Kg7 31. Nf3 Ng6 32. Kg1 Kg8 33. Bc3 Rd8 34. Rf1 Rd7 35. Bf6 Re8 36. g3 Ng7 37. e5 Nh5 38. Rfe1 Nf8 39. h4 g4 40. Nh2 Nxf6 41. exf6 Rxe3 42. Rxe3 Rd4 43. c3 Rd8 44. Nxg4 Nd7 45. Re7 Kf8 46. Nxh6 Nxf6 47. Rxf7+ Ke8 48. Bg6 Rd1+ 49. Kf2 Ne4+ 50. Ke3 Kd8 51. Bxe4 Re1+ 52. Kd3 Bxe4+ 53. Kd4 Bc6 54. Nf5 Ra1 55. h5 Be8 56. Rh7 Rxa3 57. Nd6 Bc6 58. h6 Ra1 59. Rg7 Rh1 60. h7 a3 61. Rg8+ Kd7 62. h8=Q Rxh8 63. Rxh8 a2 64. Ra8 1-0

[Event "24th European Women Club Cup 2019"]
[Site "Ulcinj"]
[Date "2019.11.15"]
[Round "6.15"]
[White "Zimina, Olga"]
[Black "Vidic, Teja"]
[Result "1/2-1/2"]
[ECO "A05"]
[WhiteElo "2406"]
[BlackElo "2189"]
[Annotator "NA"]
[PlyCount "68"]
[EventDate "2019.11.10"]
[EventType "team-tourn"]
[EventCountry "MNE"]
[SourceTitle "playchess.com"]
[Source "ChessBase"]
[SourceQuality "1"]
[WhiteTeam "Pentole Agnelli"]
[BlackTeam "Maribor"]
[TimeControl "40/5400+30:1800+30"]

1. Nf3 Nf6 2. g3 e6 3. Bg2 d5 4. O-O Be7 5. c4 O-O 6. d4 dxc4 7. Qc2 a6 8. a4 Bd7 9. Rd1 Bc6 10. Nc3 Bxf3 11. Bxf3 Nc6 12. Bxc6 bxc6 13. a5 Rb8 14. Qa4 Rb4 15. Qxc6 Qd6 16. Qf3 Nd5 17. e4 Nxc3 18. bxc3 Rb3 19. Bf4 Qd7 20. d5 Bb4 21. Be5 f6 22. Qg4 fxe5 23. dxe6 Qe8 24. cxb4 h5 25. Qe2 Qxe6 26. Rac1 Rxb4 27. Rd5 h4 28. Rc5 Ra4 29. R5xc4 Rxa5 30. Rxc7 Ra2 31. R7c2 Ra4 32. Rc6 Ra2 33. R6c2 Ra4 34. Rc6 Ra2 1/2-1/2

[Event "24th European Women Club Cup 2019"]
[Site "Ulcinj"]
[Date "2019.11.15"]
[Round "6.16"]
[White "Mar, Karmen"]
[Black "Brunello, Marina"]
[Result "1/2-1/2"]
[ECO "B53"]
[WhiteElo "2041"]
[BlackElo "2378"]
[Annotator "NA"]
[PlyCount "95"]
[EventDate "2019.11.10"]
[EventType "team-tourn"]
[EventCountry "MNE"]
[SourceTitle "playchess.com"]
[Source "ChessBase"]
[SourceQuality "1"]
[WhiteTeam "Maribor"]
[BlackTeam "Pentole Agnelli"]
[TimeControl "40/5400+30:1800+30"]

1. e4 c5 2. Nf3 d6 3. d4 cxd4 4. Qxd4 Nc6 5. Bb5 a6 6. Bxc6+ bxc6 7. O-O e5 8. Qa4 Qc7 9. c4 Bd7 10. Qc2 Nf6 11. Re1 Bg4 12. Nbd2 Nd7 13. h3 Be6 14. Ng5 Be7 15. Nxe6 fxe6 16. Nf3 O-O 17. b3 c5 18. Be3 Nb8 19. Rac1 Nc6 20. Qe2 a5 21. a4 Rab8 22. Rb1 Bf6 23. Red1 Rb7 24. Nd2 Qe7 25. Qg4 Rfb8 26. Kh2 g6 27. Rb2 Kg7 28. Rdb1 h5 29. Qe2 Bg5 30. Nf3 Bf6 31. Ne1 Kh7 32. Qd2 Bg7 33. Bg5 Qc7 34. Be3 Nd4 35. Bxd4 exd4 36. Qd3 d5+ 37. Kg1 dxc4 38. Qxc4 Rb4 39. Qxe6 c4 40. Nf3 Qb6 41. Ng5+ Kh8 42. Qd5 Bf6 43. Nf7+ Kh7 44. e5 Bg7 45. Ng5+ Kh6 46. Nf7+ Kh7 47. Ng5+ Kh6 48. Nf7+ 1/2-1/2

[Event "24th European Women Club Cup 2019"]
[Site "Ulcinj"]
[Date "2019.11.15"]
[Round "6.17"]
[White "Lahav, Michal"]
[Black "Bodnaruk, Anastasia"]
[Result "0-1"]
[ECO "A25"]
[WhiteElo "2221"]
[BlackElo "2412"]
[Annotator "NA"]
[PlyCount "126"]
[EventDate "2019.11.10"]
[EventType "team-tourn"]
[EventCountry "MNE"]
[SourceTitle "playchess.com"]
[Source "ChessBase"]
[SourceQuality "1"]
[WhiteTeam "Rishon Lezion"]
[BlackTeam "SPB"]
[TimeControl "40/5400+30:1800+30"]

1. c4 e5 2. g3 Nc6 3. Bg2 g6 4. Nc3 Bg7 5. Rb1 d6 6. b4 f5 7. b5 Nce7 8. e3 Nf6 9. Nge2 O-O 10. O-O Be6 11. d3 c6 12. bxc6 bxc6 13. Qa4 Qc7 14. Ba3 Nd7 15. Qa6 Rab8 16. Nd5 Bxd5 17. cxd5 c5 18. d4 Rb6 19. Rxb6 Qxb6 20. Qa4 Rd8 21. dxc5 Nxc5 22. Bxc5 Qxc5 23. Rc1 Qb6 24. Qb3 Qxb3 25. axb3 Rb8 26. Rc7 Kf8 27. Rxa7 Rxb3 28. Ra6 Rb1+ 29. Bf1 Nxd5 30. Rxd6 Nf6 31. Nc3 Rc1 32. Nb5 Ne4 33. Rd7 Bf6 34. Nd6 Nd2 35. Rf7+ Kg8 36. Rxf6 Nxf1 37. Kg2 Nd2 38. Re6 e4 39. Re8+ Kg7 40. Rc8 Rb1 41. Rc7+ Kf8 42. Rf7+ Kg8 43. Rd7 Nf3 44. h4 Ne5 45. Re7 Ng4 46. Rb7 Rd1 47. Rb8+ Kg7 48. Rd8 Re1 49. Ne8+ Kf7 50. Nc7 Re2 51. Rd7+ Kf6 52. Rxh7 Rxf2+ 53. Kg1 Rf3 54. Nd5+ Ke5 55. Nf4 Rxg3+ 56. Kh1 Nxe3 57. Ne2 Rg2 58. Ng1 Rc2 59. h5 gxh5 60. Nh3 Ng4 61. Ng5 Kf4 62. Rxh5 e3 63. Nh3+ Kg3 0-1

[Event "24th European Women Club Cup 2019"]
[Site "Ulcinj"]
[Date "2019.11.15"]
[Round "6.18"]
[White "Ovod, Evgenija"]
[Black "Reprun, Nadejda"]
[Result "1-0"]
[ECO "B12"]
[WhiteElo "2347"]
[BlackElo "1989"]
[Annotator "NA"]
[PlyCount "67"]
[EventDate "2019.11.10"]
[EventType "team-tourn"]
[EventCountry "MNE"]
[SourceTitle "playchess.com"]
[Source "ChessBase"]
[SourceQuality "1"]
[WhiteTeam "SPB"]
[BlackTeam "Rishon Lezion"]
[TimeControl "40/5400+30:1800+30"]

1. e4 c6 2. d4 d5 3. e5 c5 4. dxc5 Nc6 5. f4 e6 6. Be3 d4 7. Bf2 Bxc5 8. Nd2 Nh6 9. Qf3 O-O 10. O-O-O Qb6 11. a3 a5 12. Bd3 Bd7 13. Nh3 f6 14. exf6 Rxf6 15. Ng5 Raf8 16. Bxh7+ Kh8 17. Qh5 e5 18. f5 Bxf5 19. Bxf5 Rxf5 20. Bh4 Nd8 21. g4 Rf4 22. Nc4 Qf6 23. Nxe5 Kg8 24. Nd7 Qd6 25. Nxc5 Qxc5 26. Qg6 R8f6 27. Qh7+ Kf8 28. Qh8+ Ng8 29. Nh7+ Kf7 30. Nxf6 gxf6 31. Qh7+ Kf8 32. Qd7 Nf7 33. Bg3 Rxg4 34. Qxg4 1-0

[Event "24th European Women Club Cup 2019"]
[Site "Ulcinj"]
[Date "2019.11.15"]
[Round "6.19"]
[White "Federovski, Adi"]
[Black "Belenkaya, Dina"]
[Result "0-1"]
[ECO "B10"]
[WhiteElo "2005"]
[BlackElo "2302"]
[Annotator "NA"]
[PlyCount "72"]
[EventDate "2019.11.10"]
[EventType "team-tourn"]
[EventCountry "MNE"]
[SourceTitle "playchess.com"]
[Source "ChessBase"]
[SourceQuality "1"]
[WhiteTeam "Rishon Lezion"]
[BlackTeam "SPB"]
[TimeControl "40/5400+30:1800+30"]

1. e4 c6 2. Nc3 d5 3. Nf3 Nf6 4. e5 Ne4 5. Ne2 Qb6 6. d4 e6 7. a3 c5 8. Ng3 cxd4 9. Bd3 Nc5 10. O-O Nc6 11. b4 Nxd3 12. Qxd3 Bd7 13. Re1 O-O-O 14. Ne2 Kb8 15. Nexd4 Nxd4 16. Nxd4 Rc8 17. Be3 Qa6 18. b5 Qa4 19. Reb1 Be7 20. Rb3 Rc4 21. Rab1 Rhc8 22. h3 h5 23. c3 g5 24. Qh7 Be8 25. Nc6+ bxc6 26. bxc6+ Ka8 27. Rb7 Bc5 28. c7 Bb6 29. Rb8+ Rxb8 30. cxb8=Q+ Kxb8 31. Bxb6 axb6 32. Rxb6+ Kc8 33. Qb1 Qa7 34. Qb2 Qc7 35. Ra6 Bc6 36. Qb3 Qxe5 0-1

[Event "24th European Women Club Cup 2019"]
[Site "Ulcinj"]
[Date "2019.11.15"]
[Round "6.20"]
[White "Styazhkina, Anna"]
[Black "Vardi, Shlomit"]
[Result "1-0"]
[ECO "B06"]
[WhiteElo "2280"]
[BlackElo "1935"]
[Annotator "NA"]
[PlyCount "51"]
[EventDate "2019.11.10"]
[EventType "team-tourn"]
[EventCountry "MNE"]
[SourceTitle "playchess.com"]
[Source "ChessBase"]
[SourceQuality "1"]
[WhiteTeam "SPB"]
[BlackTeam "Rishon Lezion"]
[TimeControl "40/5400+30:1800+30"]

1. e4 d6 2. d4 g6 3. Nc3 Bg7 4. f4 a6 5. a4 Nc6 6. d5 Nb8 7. Nf3 e6 8. dxe6 Bxe6 9. Bd3 Nf6 10. O-O c6 11. f5 Bc8 12. Bc4 d5 13. exd5 Bxf5 14. Re1+ Kf8 15. d6 Qb6+ 16. Be3 Qb4 17. Bb3 Nbd7 18. a5 Ne8 19. Bf2 b5 20. axb6 Nxb6 21. Na4 Nd7 22. Re7 Nxd6 23. Rxd7 Bxd7 24. Bc5 Qg4 25. Nb6 Rd8 26. Qxd6+ 1-0

[Event "24th European Women Club Cup 2019"]
[Site "Ulcinj"]
[Date "2019.11.15"]
[Round "6.21"]
[White "Injac, Teodora"]
[Black "Len, Irina"]
[Result "1-0"]
[ECO "A06"]
[WhiteElo "2257"]
[BlackElo "2036"]
[Annotator "NA"]
[PlyCount "117"]
[EventDate "2019.11.10"]
[EventType "team-tourn"]
[EventCountry "MNE"]
[SourceTitle "playchess.com"]
[Source "ChessBase"]
[SourceQuality "1"]
[WhiteTeam "Jelica PEP"]
[BlackTeam "Hertzeliya"]
[TimeControl "40/5400+30:1800+30"]

1. Nf3 d5 2. g3 c6 3. Bg2 Nd7 4. d4 Ngf6 5. O-O Ne4 6. c4 e6 7. Nfd2 Nxd2 8. Nxd2 f5 9. Nf3 Be7 10. Qc2 O-O 11. Rd1 Nf6 12. Ne5 Qe8 13. Bd2 Qh5 14. b4 Bd6 15. f3 Bd7 16. Rab1 Be8 17. Nd3 Qf7 18. a4 a6 19. Bf4 Bxf4 20. Nxf4 dxc4 21. Qxc4 Nd5 22. Qc1 Qe7 23. Nd3 Rd8 24. a5 g5 25. e4 Nc7 26. Qc5 Qg7 27. Ne5 Bh5 28. Rd2 h6 29. Re1 Rfe8 30. Bf1 Kh8 31. g4 fxg4 32. fxg4 Bg6 33. Rf2 Kh7 34. Bd3 Qe7 35. Ref1 Qxc5 36. dxc5 Re7 37. Rf6 Rg7 38. Bb1 Be8 39. Nc4 e5 40. Nxe5 Re7 41. Nc4 Bg6 42. Nd6 Ne6 43. Rxg6 Kxg6 44. e5+ Kg7 45. Rf6 Nd4 46. Rg6+ Kf8 47. Ba2 Rh7 48. Kf2 Ke7 49. Ke3 Nc2+ 50. Ke4 Nxb4 51. Be6 Rf8 52. Bf5 Kd8 53. Rf6 Rhh8 54. Nf7+ Ke7 55. Nxh8 Rxh8 56. Rd6 Rd8 57. Rxh6 Rd5 58. Rh7+ Kf8 59. e6 1-0

[Event "24th European Women Club Cup 2019"]
[Site "Ulcinj"]
[Date "2019.11.15"]
[Round "6.22"]
[White "Haitovich, Avital"]
[Black "Velikic, Adela"]
[Result "0-1"]
[ECO "A06"]
[WhiteElo "1998"]
[BlackElo "2275"]
[Annotator "NA"]
[PlyCount "96"]
[EventDate "2019.11.10"]
[EventType "team-tourn"]
[EventCountry "MNE"]
[SourceTitle "playchess.com"]
[Source "ChessBase"]
[SourceQuality "1"]
[WhiteTeam "Hertzeliya"]
[BlackTeam "Jelica PEP"]
[TimeControl "40/5400+30:1800+30"]

1. Nf3 d5 2. g3 Nf6 3. Bg2 c6 4. O-O Bf5 5. d3 e6 6. Nbd2 h6 7. c4 Be7 8. b3 O-O 9. Bb2 a5 10. a3 Nbd7 11. Re1 Bh7 12. Bc3 b5 13. b4 bxc4 14. dxc4 axb4 15. axb4 Qb6 16. c5 Qc7 17. Qb3 e5 18. e3 Ne4 19. Nxe4 Bxe4 20. Qb2 Bf6 21. Nd2 Bxg2 22. Kxg2 e4 23. Bxf6 Nxf6 24. Rxa8 Rxa8 25. Ra1 Rb8 26. Qa3 Qb7 27. Rb1 Qb5 28. Qb3 Qe2 29. Qc3 Ng4 30. Rf1 f6 31. Nb3 Qf3+ 32. Kg1 Ne5 33. Nd4 Qh5 34. Qb3 Nf3+ 35. Nxf3 exf3 36. h4 Qg4 37. Kh2 Qxb4 38. Qxb4 Rxb4 39. Rd1 Rc4 40. Rd4 Rxc5 41. g4 Rc4 42. Kg3 Rxd4 43. exd4 Kf7 44. Kxf3 Ke6 45. Kf4 Kd6 46. h5 c5 47. dxc5+ Kxc5 48. Kf5 d4 0-1

[Event "24th European Women Club Cup 2019"]
[Site "Ulcinj"]
[Date "2019.11.15"]
[Round "6.23"]
[White "Eric, Jovana"]
[Black "Yakovleva, Tatiana"]
[Result "1-0"]
[ECO "B10"]
[WhiteElo "2314"]
[BlackElo "1942"]
[Annotator "NA"]
[PlyCount "93"]
[EventDate "2019.11.10"]
[EventType "team-tourn"]
[EventCountry "MNE"]
[SourceTitle "playchess.com"]
[Source "ChessBase"]
[SourceQuality "1"]
[WhiteTeam "Jelica PEP"]
[BlackTeam "Hertzeliya"]
[TimeControl "40/5400+30:1800+30"]

1. e4 c6 2. Nf3 d5 3. exd5 cxd5 4. Ne5 Nf6 5. d4 e6 6. c3 a6 7. Bd3 Bd6 8. O-O O-O 9. Nd2 Nbd7 10. Qe2 Qc7 11. f4 b5 12. Ndf3 Bb7 13. Be3 Ne4 14. a4 bxa4 15. Rxa4 Nb6 16. Raa1 f6 17. Ng4 Bxf4 18. Bxa6 Bxa6 19. Rxa6 Rxa6 20. Qxa6 Bd6 21. Qe2 Ra8 22. Nf2 Ra2 23. Bc1 f5 24. Qb5 Ra8 25. Nd3 Nc4 26. Re1 h6 27. Nb4 Rb8 28. Qa4 Bxb4 29. cxb4 Qb7 30. Bf4 Ra8 31. Qb3 Qb5 32. Ne5 Ra4 33. Nd3 Ra8 34. Nc5 Kf7 35. Rc1 Nxc5 36. dxc5 Ra4 37. Qf3 Qxb4 38. b3 Qxc5+ 39. Kh1 Rb4 40. bxc4 Rxc4 41. Rf1 Re4 42. h3 g5 43. Qh5+ Kg7 44. Rc1 Qf8 45. Rc7+ Kg8 46. Qg6+ Kh8 47. Qh7# 1-0

[Event "24th European Women Club Cup 2019"]
[Site "Ulcinj"]
[Date "2019.11.15"]
[Round "6.24"]
[White "Lian, Marina"]
[Black "Blagojevic, Tijana"]
[Result "0-1"]
[ECO "B23"]
[WhiteElo "1855"]
[BlackElo "2169"]
[Annotator "NA"]
[PlyCount "106"]
[EventDate "2019.11.10"]
[EventType "team-tourn"]
[EventCountry "MNE"]
[SourceTitle "playchess.com"]
[Source "ChessBase"]
[SourceQuality "1"]
[WhiteTeam "Hertzeliya"]
[BlackTeam "Jelica PEP"]
[TimeControl "40/5400+30:1800+30"]

1. e4 c5 2. Nc3 d6 3. f4 g6 4. Nf3 Bg7 5. Bc4 Nc6 6. O-O e6 7. d3 Nge7 8. Qe1 O-O 9. f5 d5 10. Bb3 gxf5 11. exd5 exd5 12. Qh4 Be6 13. Ng5 h6 14. Nxe6 fxe6 15. Bxh6 Ng6 16. Qh5 Qh4 17. Qxh4 Nxh4 18. Bxg7 Kxg7 19. Rae1 Kf6 20. Ne2 Ng6 21. g4 Kg5 22. gxf5 Rxf5 23. Rxf5+ Kxf5 24. Rf1+ Kg5 25. Rf7 b5 26. a4 c4 27. Ba2 bxa4 28. Rc7 cxd3 29. cxd3 Nce5 30. d4 Nf3+ 31. Kg2 Nfh4+ 32. Kg1 Rb8 33. Rc2 Nf3+ 34. Kf2 Nxh2 35. Nc3 Ng4+ 36. Ke1 Rh8 37. Nxa4 Rh1+ 38. Kd2 Nf4 39. Kc3 a5 40. Rd2 Ne3 41. b3 Nf5 42. Nc5 Nd6 43. b4 Rh3+ 44. Kc2 axb4 45. Nxe6+ Nxe6 46. Bxd5 Nf4 47. Bg8 Ne4 48. Rd1 Rc3+ 49. Kb2 Nd3+ 50. Kb1 b3 51. d5 Rc1+ 52. Rxc1 Nd2+ 53. Ka1 b2+ 0-1

[Event "24th European Women Club Cup 2019"]
[Site "Ulcinj"]
[Date "2019.11.15"]
[Round "6.25"]
[White "Salimova, Nurgyul"]
[Black "Rapport, Jovana"]
[Result "1/2-1/2"]
[ECO "C10"]
[WhiteElo "2370"]
[BlackElo "2379"]
[Annotator "NA"]
[PlyCount "124"]
[EventDate "2019.11.10"]
[EventType "team-tourn"]
[EventCountry "MNE"]
[SourceTitle "playchess.com"]
[Source "ChessBase"]
[SourceQuality "1"]
[WhiteTeam "Asseco SEE"]
[BlackTeam "MNE Woman Chess"]
[TimeControl "40/5400+30:1800+30"]

1. e4 e6 2. d4 d5 3. Nc3 dxe4 4. Nxe4 Bd7 5. Nf3 Bc6 6. Bd3 Nd7 7. O-O Ngf6 8. Ng3 g6 9. b3 Bg7 10. Ba3 Bf8 11. Bb2 Bg7 12. c4 O-O 13. Re1 Bxf3 14. Qxf3 c6 15. Rad1 Qa5 16. Bb1 Rfe8 17. Bc3 Qg5 18. h3 a5 19. a4 Bh6 20. Re5 Qf4 21. Rxa5 Rad8 22. Qxf4 Bxf4 23. Ra7 Nc5 24. Bc2 Bb8 25. dxc5 Rxd1+ 26. Bxd1 Bxa7 27. Bxf6 Bxc5 28. Kf1 Be7 29. Bxe7 Rxe7 30. Ne4 f5 31. Nc5 b6 32. Nd3 e5 33. c5 e4 34. Nb4 bxc5 35. Nxc6 Rc7 36. Ne5 Kg7 37. Nc4 Kf6 38. Ke2 Rd7 39. Bc2 h5 40. Na3 Ke5 41. Nb5 h4 42. a5 Rb7 43. Na3 Kf4 44. Nc4 Ra7 45. Kd2 g5 46. Kc3 g4 47. Bd1 Rd7 48. Be2 Rb7 49. Kb2 Ra7 50. Ka3 e3 51. Nxe3 Rxa5+ 52. Kb2 g3 53. Nd5+ Ke5 54. Nb6 Kd4 55. fxg3 hxg3 56. h4 Ra7 57. Nc4 Re7 58. Bf3 Re1 59. h5 Rf1 60. Bc6 Rh1 61. Bf3 Rf1 62. Bc6 Rh1 1/2-1/2

[Event "24th European Women Club Cup 2019"]
[Site "Ulcinj"]
[Date "2019.11.15"]
[Round "6.26"]
[White "Koljevic, Nikolina"]
[Black "Krasteva, Beloslava"]
[Result "0-1"]
[ECO "B91"]
[WhiteElo "1902"]
[BlackElo "2261"]
[Annotator "NA"]
[PlyCount "164"]
[EventDate "2019.11.10"]
[EventType "team-tourn"]
[EventCountry "MNE"]
[SourceTitle "playchess.com"]
[Source "ChessBase"]
[SourceQuality "1"]
[WhiteTeam "MNE Woman Chess"]
[BlackTeam "Asseco SEE"]
[TimeControl "40/5400+30:1800+30"]

1. e4 c5 2. Nf3 d6 3. d4 cxd4 4. Nxd4 Nf6 5. Nc3 a6 6. g3 e6 7. Bg2 Qc7 8. O-O Nc6 9. a4 Be7 10. h3 O-O 11. Nde2 b6 12. Be3 Bb7 13. f4 Nd7 14. g4 Rfe8 15. g5 Bf8 16. f5 Nde5 17. b3 Nb4 18. Rc1 d5 19. exd5 exd5 20. Qd2 d4 21. Nxd4 Bxg2 22. Kxg2 Rad8 23. Nce2 Qb7+ 24. Kg1 Nd5 25. Bf2 Nf6 26. Qf4 Ne4 27. Rcd1 Bc5 28. c3 Nxf2 29. Qxf2 a5 30. Qg2 Qc8 31. Kh1 Rd7 32. Nf3 Rxd1 33. Rxd1 Qxf5 34. Ned4 Bxd4 35. Nxd4 Qc8 36. Re1 Nd3 37. Rxe8+ Qxe8 38. Qe2 Qxe2 39. Nxe2 Nc5 40. Nf4 Nxb3 41. Nd5 Nc5 42. Nxb6 Ne4 43. h4 Nxc3 44. Nc4 Nxa4 45. Nxa5 Kf8 46. Nc6 Ke8 47. Kg2 Kd7 48. Nd4 Nc5 49. Kf3 Ne6 50. Nf5 g6 51. Nh6 Nd8 52. Ke4 Ke6 53. Ng4 Nb7 54. Kf4 Nd6 55. Nh6 Nc4 56. Ng4 Nb6 57. Ke4 Nd5 58. Nh2 Ne7 59. Nf3 Nf5 60. Kf4 Kd5 61. Ne5 Ke6 62. Nf3 Kd5 63. Ne5 Nxh4 64. Nxf7 Nf5 65. Ne5 Nd4 66. Nd3 Ne6+ 67. Kg4 Kd4 68. Ne1 Ke4 69. Nf3 Nd4 70. Nh4 Nc2 71. Nf3 Ne3+ 72. Kg3 Kf5 73. Kf2 Kf4 74. Ke2 Ng4 75. Nd4 Kxg5 76. Kf3 Nf6 77. Ne6+ Kf5 78. Nd4+ Ke5 79. Nc6+ Kd6 80. Nd8 Kd7 81. Nf7 Ke7 82. Nh6 Kf8 0-1